 Dungeon Crawl Stone Soup version 0.26-a0-672-g1df16c3386 (webtiles) character file.

Game seed: 15688427399594863432

18293 strifetoe the Fighter (level 12, -6/112 HPs)
             Began as a Palentonga Hedge Wizard on Oct 19, 2020.
             Was a High Priest of Okawaru.
             Mangled by an ice devil (22 damage)
             ... on level 3 of the Lair of Beasts on Oct 20, 2020.
             The game lasted 01:04:14 (29197 turns).

strifetoe the Fighter (Palentonga Hedge Wizard)    Turns: 29197, Time: 01:04:14

Health: -6/112     AC: 10    Str: 22    XL:     12   Next: 26%
Magic:  21/21      EV: 11    Int: 21    God:    Okawaru [*****.]
Gold:   874        SH:  4    Dex: 10    Spells: 2/23 levels left

rFire    + . .     SeeInvis +   k - +5 quick blade
rCold    . . .     Faith    .   g - +0 buckler
rNeg     + . .     Spirit   .   s - +3 leather armour {rPois}
rPois    +         Reflect  .   c - +0 hat
rElec    +         Harm     .   C - +1 cloak
rCorr    .         Rampage  .   (no gloves)
MR       .....                  (no barding)
Stlth    +.........             (no amulet)
HPRegen  0.28/turn              m - ring of protection from fire
MPRegen  0.17/turn              f - ring of the Prince of Darkness {rElec rN+ Str+4 Int+6}

@: no status effects
A: large, rugged brown scales 3, see invisible, deformed body, roll, armoured
tail
a: Rolling Charge, Heroism, Finesse, Renounce Religion


You were on level 3 of the Lair of Beasts.
You worshipped Okawaru.
Okawaru was extremely pleased with you.
You visited 3 branches of the dungeon, and saw 16 of its levels.

You collected 874 gold pieces.

Inventory:

Hand Weapons
 k - a +5 quick blade (weapon)
 o - a +7 dagger of venom
 z - the +2 war axe of Change {vorpal, rF+ rC+ Int+3}
   (You found it on level 5 of the Dungeon)

   It inflicts extra damage upon your enemies.
   It affects your intelligence (+3).
   It protects you from fire.
   It protects you from cold.
 M - the +1 flail "Raci Jops" {elec, *Noise rElec rPois SInv}
   (You found it on level 1 of the Lair of Beasts)

   Occasionally, upon striking a foe, it will discharge some electrical energy
   and cause terrible harm.
   It insulates you from electricity.
   It protects you from poison.
   It lets you see invisible.
   It may make noises in combat.
Armour
 c - a +0 hat (worn)
 g - a +0 buckler (worn)
 s - a +3 leather armour of poison resistance (worn)
 C - a +1 cloak (worn)
Jewellery
 f - the ring of the Prince of Darkness (right hand) {rElec rN+ Str+4 Int+6}
   (You acquired it on level 11 of the Dungeon)

   [ring of intelligence]

   It affects your strength (+4).
   It affects your intelligence (+6).
   It insulates you from electricity.
   It protects you from negative energy.
 m - a ring of protection from fire (left hand)
 r - an uncursed ring of flight
Wands
 u - a wand of enslavement (8)
 B - a wand of paralysis (5)
 E - a wand of flame (15)
Scrolls
 b - a scroll of enchant weapon
 e - 12 scrolls of remove curse
 h - 2 scrolls of immolation
 i - 5 scrolls of teleportation
 j - a scroll of silence {unknown}
 l - a scroll of identify
 p - a scroll of fear {unknown}
 v - 3 scrolls of enchant armour
 y - 2 scrolls of random uselessness
 D - 3 scrolls of amnesia
 G - 2 scrolls of fog
 I - 2 scrolls of magic mapping
Potions
 a - 5 potions of might
 d - 8 potions of curing
 n - 3 potions of lignification
 q - a potion of magic
 t - 2 potions of stabbing
 w - a potion of cancellation
 x - 5 potions of mutation
 A - 3 potions of ambrosia
 H - 4 potions of flight


   Skills:
 - Level 9.4 Fighting
 - Level 3.3 Short Blades
 - Level 1.6(1.9) Axes
 - Level 1.2(1.7) Maces & Flails
 - Level 5.1 Armour
 - Level 5.0 Dodging
 - Level 1.2 Stealth
 - Level 4.3 Shields
 - Level 6.0 Spellcasting
 - Level 7.6 Conjurations
 - Level 2.0 Summonings
 - Level 2.1 Translocations
 - Level 6.4 Transmutations
 - Level 3.0 Fire Magic
 - Level 3.2 Air Magic
 + Level 0.0 Earth Magic
 - Level 3.1 Poison Magic
 - Level 2.1 Invocations


You had 2 spell levels left.
You knew the following spells:

 Your Spells              Type           Power        Failure   Level
a - Magic Dart            Conj           ####         1%          1
b - Call Imp              Summ           ##......     8%          2
c - Mephitic Cloud        Conj/Pois/Air  ####....     4%          3
d - Blink                 Tloc           N/A          7%          2
e - Conjure Flame         Conj/Fire      ####....     3%          3
f - Statue Form           Tmut/Erth      ###......    99%         6
g - Petrify               Tmut/Erth      ###.....     28%         4

Your spell library contained the following spells:

 Spells                   Type           Power        Failure   Level
 Sting                    Tmut/Pois      ####         1%          1
 Poisonous Vapours        Pois/Air       ###...       4%          2
 Corona                   Hex            #......      11%         1
 Slow                     Hex            #.......     17%         2
 Ignite Poison            Fire/Tmut/Pois ###.....     6%          3
 Gell's Gravitas          Tloc           ###.......   14%         3
 Irradiate                Conj/Tmut      #####.....   17%         5
 Inner Flame              Hex/Fire       ##......     19%         3
 Portal Projectile        Hex/Tloc       ##....       22%         3
 Olgreb's Toxic Radiance  Pois           ###.....     30%         4
 Confusing Touch          Hex            #.......     32%         3
 Yara's Violent Unravell  Hex/Tmut       ###.......   63%         5
 Cause Fear               Hex            #.........   73%         4
 Leda's Liquefaction      Hex/Erth       #.........   73%         4
 Hydra Form               Tmut           ####......   77%         6
 Metabolic Englaciation   Hex/Ice        #.........   97%         5
 Dragon Form              Tmut           ####......   100%        7


Dungeon Overview and Level Annotations

Branches:
Dungeon (12/15)            Temple (1/1) D:4            Lair (3/6) D:10
  Snake (0/4) Lair:2          Orc (0/2) D:10
  Swamp: Lair:2-4    Shoals: Lair:2-4

Altars:
Ashenzari
Elyvilon
Fedhas
Gozag
Hepliaklqana
Kikubaaqudgha
Makhleb
Nemelex Xobeh
Okawaru
Qazlal
Ru
Sif Muna
Trog
Uskayaw
Vehumet
Wu Jian
Xom
Yredelemnul
The Shining One

Shops:
D:7 }   D:8 }

Annotations:
D:9 Hydra, exclusion: downstairs
D:12 Jorgrun
Lair:1 exclusion: downstairs
Lair:2 3 runed translucent doors


Innate Abilities, Weirdness & Mutations

You are completely covered in rugged brown scales. (AC +3, +7% HP)
You have supernaturally acute eyesight. (SInv)
Armour fits poorly on your strangely shaped body.
You can roll at foes to attack.
You have a long armoured tail.


Message History

The ice devil closely misses you.
You hit the ice devil but do no damage.
The ice devil is heavily wounded.
You hit the ice devil.
The ice devil is heavily wounded.
The ice devil hits you! The ice devil freezes you!
Unknown command.
You hit the ice devil.
You tail-slap the ice devil, but do no damage.
The ice devil is severely wounded.
The ice devil hits you. The ice devil freezes you!!
* * * LOW HITPOINT WARNING * * *
You closely miss the ice devil.
The ice devil is severely wounded.
You hit the ice devil.
The ice devil is severely wounded.
The ice devil hits you.
* * * LOW HITPOINT WARNING * * *
The ice devil freezes you!!
You die...

##..⌠...♣...
#...⌠.......
##....♣♣♣
#...#...♣♣♣♣♣♣
#....##......♣♣♣♣♣
##..####..........
#...# ##..........
#+#'###
#........... #.$@#
#............
##4##
#..........#.. #.
#.#........##. ..
####......P### ...
#........# # #...
.........# #...
##.......## ####
#........#
#........#


You could see an ice devil.

Vanquished Creatures
  A catoblepas (Lair:1)
  A two-headed ogre (D:10)
  2 unseen horrors
  An ugly thing (D:11)
  A black mamba (Lair:1)
  3 cane toads
  3 komodo dragons
  A troll (D:10)
  A hornet (D:9)
  3 wyverns (D:10)
  A vampire (D:11)
  A wraith (D:11)
  2 basilisks
  15 yaks
  3 nagas (Lair:2)
  8 water moccasins
  A hornet zombie (D:8)
  4 sky beasts
  5 phantoms
  3 orc warriors
  3 ice beasts
  3 necrophages
  5 black bears
  6 ogres
  9 wolves
  5 centaurs
  A big kobold (D:10)
  A gnoll sergeant (D:10)
  10 bullfrogs
  5 scorpions
  21 killer bees
  13 wights
  A howler monkey (D:10)
  3 electric eels
  A quasit (D:9)
  2 bullfrog zombies
  Crazy Yiuf (D:7)
  2 jellies
  12 orc wizards
  8 orc priests
  2 bullfrog skeletons
  3 hounds
  4 iguanas
  Jessica (D:3)
  2 centaur skeletons
  2 gnoll shamans
  6 worker ants
  Natasha (twice) (D:3)
  3 hound zombies
  14 gnolls
  9 adders
  4 shadow imps
  3 white imps
  An ufetubus (D:5)
  An adder skeleton (D:10)
  6 worms
  4 dart slugs
  9 leopard geckos
  47 orcs
  5 giant cockroaches
  3 goblins
  7 hobgoblins
  12 jackals
  10 kobolds
  8 quokkas
  7 bats
  4 frilled lizards
  2 jackal zombies
  8 rats
361 creatures vanquished.

Vanquished Creatures (collateral kills)
  2 yaks (Lair:3)
  Duvessa (D:4)
  3 wolves (Lair:3)
  Dowan (D:4)
  2 killer bees (D:8)
  3 gnolls
12 creatures vanquished.

Vanquished Creatures (others)
  A killer bee (D:10)
  A bush (Lair:2)
  21 fungi
  35 plants
58 creatures vanquished.

Grand Total: 431 creatures vanquished

Notes
Turn   | Place    | Note
-------+----------+-------------------------------------------
     0 | D:1      | strifetoe the Palentonga Hedge Wizard began the quest for
                  | the Orb.
     0 | D:1      | Reached XP level 1. HP: 14/14 MP: 4/4
    13 | D:1      | Reached skill level 1 in Conjurations
   445 | D:1      | Reached XP level 2. HP: 21/21 MP: 6/6
   866 | D:2      | Reached XP level 3. HP: 8/27 MP: 4/7
  2349 | D:2      | Reached XP level 4. HP: 16/35 MP: 3/8
  3412 | D:2      | Learned a level 2 spell: Call Imp
  3497 | D:3      | Reached skill level 1 in Summonings
  4199 | D:3      | Noticed Natasha
  4217 | D:3      | Killed Natasha
  4217 | D:3      | Reached XP level 5. HP: 12/40 MP: 0/9
  4945 | D:3      | Noticed Jessica
  4949 | D:3      | Killed Jessica
  4949 | D:3      | Reached skill level 1 in Fighting
  5073 | D:3      | Reached skill level 2 in Fighting
  5614 | D:3      | Noticed Natasha
  5620 | D:3      | Killed Natasha
  5620 | D:3      | Reached skill level 1 in Shields
  5886 | D:4      | Noticed a phantom
  6028 | D:3      | Killed a phantom
  6028 | D:3      | Reached XP level 6. HP: 49/51 MP: 0/10
  6169 | D:4      | Found a blossoming altar of Fedhas.
  7071 | D:4      | Found a bloodstained altar of Trog.
  7147 | D:4      | Reached XP level 7. HP: 55/58 MP: 11/11
  7444 | D:4      | Noticed Duvessa
  7460 | D:4      | Killed Duvessa
  7465 | D:4      | Learned a level 3 spell: Mephitic Cloud
  7466 | D:4      | Noticed Dowan
  7488 | D:4      | Killed Dowan
  7488 | D:4      | Reached skill level 1 in Poison Magic
  7702 | D:4      | Found a staircase to the Ecumenical Temple.
  7907 | D:5      | Entered Level 5 of the Dungeon
  8220 | D:5      | Learned a level 2 spell: Blink
  8538 | D:5      | Reached skill level 1 in Air Magic
  8707 | D:5      | Reached XP level 8. HP: 35/65 MP: 12/12
  9317 | D:5      | Got a fine war axe
  9318 | D:5      | Identified the +2 war axe of Change {vorpal, rF+ rC+ Int+3}
                  | (You found it on level 5 of the Dungeon)
  9391 | Temple   | Entered the Ecumenical Temple
  9413 | Temple   | Became a worshipper of Warmaster Okawaru
  9650 | D:6      | Found a glowing golden altar of the Shining One.
  9701 | D:6      | Reached skill level 5 in Spellcasting
 10571 | D:6      | Reached * piety under Okawaru
 10826 | D:7      | Reached XP level 9. HP: 71/71 MP: 10/18
 11021 | D:7      | Found Etevaq's Gadget Shop.
 11129 | D:7      | Reached ** piety under Okawaru
 11265 | D:7      | Found a runed translucent door.
 11266 | D:7      | Noticed Crazy Yiuf
 11273 | D:7      | Killed Crazy Yiuf
 11724 | D:7      | Reached skill level 5 in Dodging
 11727 | D:7      | Reached skill level 1 in Armour
 12498 | D:8      | Found Minwierph's Gadget Emporium.
 12923 | D:7      | Learned a level 3 spell: Conjure Flame
 12984 | D:8      | Reached skill level 1 in Fire Magic
 13335 | D:8      | Reached *** piety under Okawaru
 13894 | D:8      | Reached XP level 10. HP: 68/78 MP: 12/19
 14108 | D:8      | Reached skill level 5 in Conjurations
 14731 | D:8      | Found a hazy altar of Hepliaklqana.
 14992 | D:9      | Reached skill level 3 in Fighting
 15059 | D:9      | Found a hide-covered altar of Uskayaw.
 15341 | D:8      | Reached skill level 4 in Fighting
 15743 | D:9      | Found a basalt altar of Yredelemnul.
 15766 | D:9      | Reached skill level 5 in Fighting
 15982 | D:9      | Reached **** piety under Okawaru
 16056 | D:9      | Reached skill level 6 in Fighting
 16379 | D:9      | Found a sparkling altar of Nemelex Xobeh.
 16587 | D:9      | Found a white marble altar of Elyvilon.
 16753 | D:10     | Entered Level 10 of the Dungeon
 17807 | D:10     | Noticed a two-headed ogre
 18098 | D:10     | Found a staircase to the Lair.
 18164 | D:10     | Reached skill level 5 in Armour
 18222 | D:10     | Reached ***** piety under Okawaru
 18222 | D:10     | Reached XP level 11. HP: 90/95 MP: 20/20
 18561 | D:10     | Killed a two-headed ogre
 18922 | D:10     | Found a staircase to the Orcish Mines.
 19263 | D:10     | Found an iron altar of Okawaru.
 20079 | D:11     | Noticed an unseen horror
 20093 | D:11     | Killed an unseen horror
 20093 | D:11     | Reached skill level 7 in Fighting
 20098 | D:11     | Identified a scroll of acquirement
 20098 | D:11     | Acquired the ring of the Prince of Darkness {rElec rN+
                  | Str+4 Int+6}
 20328 | D:11     | Found a white marble altar of Elyvilon.
 20349 | D:11     | Noticed a green ugly thing
 20377 | D:11     | Killed a green ugly thing
 20377 | D:11     | Received a gift from Okawaru
 20377 | D:11     | Reached skill level 8 in Fighting
 21410 | D:12     | Noticed an unseen horror
 21420 | D:12     | Killed an unseen horror
 21420 | D:12     | Reached skill level 9 in Fighting
 21536 | D:12     | Found an opulent altar of Gozag.
 21552 | D:12     | Noticed Jorgrun
 21566 | D:12     | Noticed a four-headed hydra
 22192 | Lair:1   | Entered Level 1 of the Lair of Beasts
 22196 | Lair:1   | Got a smoking flail
 22203 | Lair:1   | Identified the cursed +1 flail "Raci Jops" {elec, *Noise
                  | rElec rPois SInv} (You found it on level 1 of the Lair of
                  | Beasts)
 22215 | Lair:1   | Received a gift from Okawaru
 22413 | Lair:1   | Noticed a seven-headed hydra
 22449 | D:10     | Reached skill level 1 in Maces & Flails
 23271 | Lair:1   | Reached skill level 1 in Short Blades
 23422 | Lair:1   | Reached skill level 1 in Invocations
 24225 | Lair:1   | Learned a level 6 spell: Statue Form
 24352 | Lair:1   | Reached skill level 1 in Transmutations
 24828 | Lair:2   | Found a runed translucent gate.
 24833 | Lair:2   | Found a staircase to the Snake Pit.
 24850 | Lair:2   | Noticed a catoblepas
 24857 | Lair:2   | Noticed a death ooze
 26436 | Lair:1   | Killed a catoblepas
 26436 | Lair:1   | Reached skill level 1 in Axes
 26937 | Lair:2   | Reached XP level 12. HP: 89/112 MP: 18/21
 27568 | Lair:2   | Found a runed translucent gate.
 27568 | Lair:2   | Found a runed translucent gate.
 27777 | Lair:2   | Noticed a death yak
 28021 | Lair:2   | Noticed a catoblepas
 28037 | Lair:2   | Noticed a death yak
 28037 | Lair:2   | Noticed a death yak
 28038 | Lair:2   | Noticed a death yak
 28038 | Lair:2   | Noticed a death yak
 28130 | Lair:2   | Reached skill level 5 in Transmutations
 29046 | Lair:3   | Learned a level 4 spell: Petrify
 29197 | Lair:3   | Mangled by an ice devil

Illustrated notes

Levels and vault maps discovered:
D:1:      dpeg_arrival_rooms_b, layout_basic
D:2:      layout_loops_ring
D:3:      layout_basic, uniq_natasha, uniq_jessica
D:4:      layout_layer_cave, lightli_temple_of_fire,
          minmay_temple_entry_glassed_door, fedhas_altar_2, uniq_duvessa
D:5:      minmay_spotlight, layout_basic
D:6:      layout_basic, lemuel_round_altar, minmay_quadrilaterals
D:7:      layout_basic, serial_shops, kennysheep_mini, uniq_crazy_yiuf_cottage
D:8:      layout_basic, overflow_temple_1_default, serial_shops,
          nicolae_shop_window_shopping, chequers_serial_rivers_room_a
D:9:      layout_cave_pools, eat_drink_and_be_merry_uskayaw, old_standard_altar,
          kennysheep_little_box, nemelex_xobeh_ov_fountains_minmay,
          lightli_orcish_oven
D:10:     layout_loops_ring, minmay_lair_entry_grove, orc_0_dummy,
          okawaru_metal_pillars_1_2
D:11:     statuecave_lemuel, layout_basic, elyvilon_altar_5
D:12:     layout_basic, basic_altar, uniq_jorgrun
Temple:   eino_wide_crystal_templ
Lair:1:   layout_chaotic_city, lemuel_fruit_fields
Lair:2:   layout_regular_city, guppyfry_snake_entry_garden,
          gammafunk_ghost_ooze, basic_altar, serial_bayou_lagoon_b
Lair:3:   layout_gridlike, nicolae_swamp_entry_splash_gauntlet,
          portal_ice_cave_demonic_guard, lemuel_another_geyser,
          infiniplex_staircase_pool_2

Skill      XL: |  1  2  3  4  5  6  7  8  9 10 11 12 |
---------------+-------------------------------------+-----
Conjurations   | 1 2 3 4 6 7 |  7.6
Summonings     | 2 |  2.0
Fighting       | 2 6 9 |  9.4
Shields        | 2 3 4 |  4.3
Poison Magic   | 3 |  3.1
Air Magic      | 2 3 |  3.2
Spellcasting   | 6 |  6.0
Dodging        | 3 5 |  5.0
Armour         | 4 5 |  5.1
Fire Magic     | 3 |  3.0
Translocations | 2 |  2.1
Maces & Flails | 1 |  1.2
Short Blades   | 3 |  3.3
Invocations    | 2 |  2.1
Transmutations | 3 6 |  6.4
Axes           | 1 |  1.6
Stealth        | |  1.2

Action                   |  1- 3 |  4- 6 |  7- 9 | 10-12 || total
-------------------------+-------+-------+-------+-------++-------
Melee: Dagger            |   181 |   136 |   447 |   501 ||  1265
       Tailslap          |    17 |    15 |    42 |   120 ||   194
       Quick blade       |       |       |       |   368 ||   368
       Flail             |       |       |       |     5 ||     5
       War axe           |       |       |       |     1 ||     1
 Cast: Magic Dart        |    34 |    92 |    71 |    43 ||   240
       Call Imp          |       |     8 |    10 |     4 ||    22
       Mephitic Cloud    |       |       |    15 |    85 ||   100
       Blink             |       |       |       |    13 ||    13
       Conjure Flame     |       |       |       |     1 ||     1
Invok: Heroism           |       |       |     1 |     6 ||     7
       Finesse           |       |       |       |     1 ||     1
Evoke: Wand              |       |       |       |    49 ||    49
  Use: Potion            |     1 |       |     1 |     8 ||    10
       Scroll            |       |       |     4 |    27 ||    31
 Stab: Sleeping          |     3 |     3 |       |     1 ||     7
       Distracted        |       |       |     2 |       ||     2
       Confused          |       |       |     4 |    16 ||    20
Armor: Robe              |    78 |    26 |     1 |       ||   105
       Leather armour    |       |       |   137 |   241 ||   378
       Skin              |       |       |       |    26 ||    26
Dodge: Dodged            |   135 |    93 |   214 |   402 ||   844
Block: Buckler           |       |       |    77 |   159 ||   236

Table legend: (Time is in decaauts)
 A = Elapsed time spent in this place.
 B = Non-inter-level travel time spent in this place.
 C = Inter-level travel time spent in this place.
 D = Time resting spent in this place.
 E = Time spent auto-exploring this place.
 F = Levels seen in this place.
 G = Mean time per level.
                   A        B        C        D        E       F      G
               +--------+--------+--------+--------+--------+-----+--------+
         Total |  29085 |  28522 |    563 |  12645 |  11634 |  16 | 1817.8 |
       Dungeon |  23471 |  23005 |    466 |   9965 |   9721 |  12 | 1955.9 |
        Temple |     37 |     22 |     15 |      0 |     16 |   1 |   37.0 |
          Lair |   5576 |   5494 |     82 |   2680 |   1897 |   3 | 1858.7 |
               +--------+--------+--------+--------+--------+-----+--------+

Top non-repeatable levels by time:
     D:2: 3878 daAuts
    D:10: 3190 daAuts
  Lair:1: 3039 daAuts
     D:9: 2614 daAuts
     D:7: 2330 daAuts
     D:8: 2169 daAuts
     D:4: 1987 daAuts
     D:5: 1769 daAuts
  Lair:2: 1660 daAuts
    D:11: 1623 daAuts
     D:3: 1178 daAuts
     D:6: 1043 daAuts
     D:1: 923 daAuts
  Lair:3: 876 daAuts
    D:12: 761 daAuts
